 Dungeon Crawl Stone Soup version 0.28.0-47-ge53b351184 (webtiles) character file.

Game seed: 7528770175685140683

24229 nickcage the Fencer (level 13, -2/111 HPs)
             Began as a Barachi Fighter on Apr 28, 2022.
             Was the Champion of Makhleb.
             Succumbed to a black mamba's poison
             ... on level 3 of the Lair of Beasts.
             The game lasted 00:58:54 (16910 turns).

nickcage the Fencer (Barachi Fighter)              Turns: 16910, Time: 00:58:55

Health: -2/111     AC: 33    Str: 27    XL:     13   Next: 11%
Magic:  17/17      EV:  8    Int:  9    God:    Makhleb [******]
Gold:   470        SH:  7    Dex: 13    Spells: 12/12 levels left

rFire   + . .      SeeInvis .   f - +2 flail (vorpal)
rCold   . . .      Faith    .   c - +1 buckler
rNeg    . . .      Spirit   .   i - +18 Lear's hauberk
rPois   .          Reflect  .   (helmet currently unavailable)
rElec   +          Harm     .   k - +1 cloak
rCorr   +          Rampage  .   (gloves currently unavailable)
Will    .....                   (boots currently unavailable)
Stlth   ..........              (no amulet)
HPRegen 0.28/turn               R - ring "Behakky" {rElec rF+ rCorr}
MPRegen 0.15/turn               b - +6 ring of strength

@: lethally poisoned (-2 -> -11), slow
A: amphibious, slowness 1, strong legs 2, +LOS
a: Hop, Renounce Religion, Minor Destruction, Lesser Servant of Makhleb, Major
Destruction, Greater Servant of Makhleb


You were on level 3 of the Lair of Beasts.
You worshipped Makhleb.
Makhleb was exalted by your worship.
You visited 2 branches of the dungeon, and saw 13 of its levels.
You also visited: Ossuary.

You collected 1049 gold pieces.
You spent 579 gold pieces at shops.

Inventory:

Hand Weapons
 a - a +0 long sword of venom
 f - a +2 vorpal flail (weapon)
 y - a +0 vampiric demon blade
 J - a +4 vorpal arbalest
Missiles
 h - 22 poisoned darts (quivered)
 w - 3 silver boomerangs
Armour
 c - a +1 buckler (worn)
 e - a +0 plate armour
 i - the +18 Lear's hauberk (worn)
   (You found it on level 4 of the Dungeon)
 k - a +1 cloak (worn)
 n - the +0 plate armour "Siohifin" {rF+ rC++ Regen+ Int-3}
   (You found it on level 2 of the Lair of Beasts)

   Int:       It affects your intelligence (-3).
   rF:        It protects you from fire.
   rC:        It greatly protects you from cold.
   Regen:     It increases your rate of health regeneration.
Jewellery
 b - a +6 ring of strength (right hand)
 m - a +4 ring of evasion
 u - a +6 ring of dexterity
 F - a ring of poison resistance
 R - the ring "Behakky" (left hand) {rElec rF+ rCorr}
   (You bought it in a shop on level 2 of the Dungeon)

   [ring of protection from fire]

   rF:        It protects you from fire.
   rElec:     It insulates you from electricity.
   rCorr:     It protects you from acid and corrosion.
Wands
 r - a wand of acid (12)
 s - a wand of paralysis (13)
 t - a wand of flame (22)
 G - a wand of mindburst (16)
 O - a wand of iceblast (6)
 Q - a wand of digging (3)
Scrolls
 q - a scroll of silence
 z - a scroll of enchant armour
 A - a scroll of identify
 B - 7 scrolls of teleportation
 D - 3 scrolls of magic mapping
 L - a scroll of fog
 M - a scroll of amnesia
Potions
 d - a potion of resistance
 g - 4 potions of curing
 j - 3 potions of brilliance
 l - 4 potions of flight
 o - a potion of haste
 p - 5 potions of mutation
 v - 3 potions of heal wounds
 x - 2 potions of ambrosia
 K - a potion of magic {unknown}
 P - 2 potions of attraction


   Skills:
 - Level 13.5 Fighting
 - Level 15.0 Long Blades
 - Level 1.7 Maces & Flails
 + Level 0.5 Polearms
 + Level 0.5 Bows
 - Level 0.3 Throwing
 - Level 12.4 Armour
 - Level 8.0 Shields
 + Level 0.6 Conjurations
 + Level 0.9 Hexes
 + Level 0.9 Summonings
 + Level 1.3 Necromancy
 + Level 0.7 Translocations
 + Level 0.6 Transmutations
 + Level 0.7 Fire Magic
 + Level 0.3 Ice Magic
 + Level 0.7 Air Magic
 + Level 0.4 Earth Magic
 + Level 0.3 Poison Magic
 * Level 5.6 Invocations


You had 12 spell levels left.
You didn't know any spells.
Your spell library contained the following spells:

 Spells                   Type           Power      Damage    Failure   Level
 Magic Dart               Conj           4%         1d3       85%         1
 Corpse Rot               Necr/Air       2%         N/A       90%         2
 Call Imp                 Summ           1%         N/A       91%         2
 Ensorcelled Hibernation  Hex/Ice        2%         N/A       94%         2
 Ignite Poison            Fire/Tmut/Pois 1%         N/A       99%         3
 Mephitic Cloud           Conj/Pois/Air  1%         N/A       99%         3
 Spider Form              Tmut/Pois      0%         N/A       99%         3
 Anguish                  Hex/Necr       1%         N/A       100%        4
 Animate Armour           Summ/Erth      2%         N/A       100%        4
 Leda's Liquefaction      Hex/Erth       0%         N/A       100%        4
 Blade Hands              Tmut           0%         N/A       100%        5
 Freezing Cloud           Conj/Ice/Air   0%         6-21      100%        5
 Summon Mana Viper        Hex/Summ       1%         N/A       100%        5
 Iron Shot                Conj/Erth      0%         9d1       100%        6
 Death's Door             Necr           1%         N/A       100%        9


Dungeon Overview and Level Annotations

Branches:
Dungeon (10/15)            Temple (0/1) D:5            Lair (3/6) D:10
 Shoals (0/4) Lair:2       Spider (0/4) Lair:2          Orc (0/2) D:9
Ossuary (visited)

Altars:
Ashenzari
Fedhas
Kikubaaqudgha
Makhleb
Okawaru
Trog
Yredelemnul
Zin
Beogh

Shops:
D:2 =

Annotations:
D:7 1 runed translucent door, safyre's ghost, novice GnCj


Innate Abilities, Weirdness & Mutations

You are amphibious.
You cover ground slowly.
You can hop long distances.
You have an extended range of vision and can be seen from far away.


Message History

You closely miss the black mamba.
You feel very sick.
The black mamba bites you but does no damage.
You block the black mamba's attack. The komodo dragon bites you.
You block the black mamba's attack. The komodo dragon bites you!
You feel very sick. The black mamba bites you!
* * * LOW HITPOINT WARNING * * *
The komodo dragon hisses menacingly.
You feel sick.
The black mamba bites you but does no damage.
You feel sick. The black mamba completely misses you.
The black mamba bites you but does no damage.
You feel sick.
The black mamba bites you but does no damage.
You feel sick.
The black mamba bites you but does no damage.
You feel sick. The black mamba closely misses you.
You feel sick. You block the black mamba's attack.
You feel sick.
You are no longer poisoned.
The komodo dragon hisses menacingly.
The black mamba barely misses you.
The black mamba bites you but does no damage.
The black mamba barely misses you.
The black mamba bites you but does no damage.
The black mamba barely misses you. You block the black mamba's attack.
The black mamba bites you!
* * * LOW HITPOINT WARNING * * *
A demon appears!
The black mamba bites you.
* * * LOW HITPOINT WARNING * * *
You are lethally poisoned!
The black mamba poisons you!
The black mamba bites you but does no damage.
* * * LOW HITPOINT WARNING * * *
You feel very sick.
The black mamba bites you but does no damage.
Your ynoxinul gestures.
You die...

.'...#.##...#....###...###......#
.#.#...##.##..)...##.†#.#.#...8..
P#.#.#.#..#.#.#..##..............
##.#.#.....#..#...(..............
....#.#...##..#..#...#...8..8.>.8
###..#D#..#..#.#..#..+...........
#.#..†#.#.###..#.##..#...........
.#####.#l#####....#..#...##...8..
..##.#.#.#.###.#@.##..#.##......#
###.(##.##..#.##.####..........##
...#.#.#.....DlS.# #.+...8...###
##.#.#.#.#######.## #.#......##
.#..#....#P...P#53# #.......##
.#...[##.#†###.#5.#####....##
.#.#####.')#)+.#.#5# ###.##
.#...#.#.#.###.#...###.##.#
P#.#.##..#P...P#.......####


You could see a black mamba (ally target), a friendly ynoxinul (summoned) and 2
friendly ufetubi.

Vanquished Creatures
  Harold (D:7)
  A two-headed ogre (D:8)
  A hydra (D:10)
  Pikel (D:4)
  A cyclops (D:9)
  Maurice (D:8)
  3 black mambas
  Maggie (D:7)
  A torpor snail (Lair:3)
  Psyche (D:8)
  10 komodo dragons
  6 cane toads
  2 rime drakes (Lair:2)
  A troll (D:10)
  The ghost of AlmostDecent the Chopper, an amateur FoFi (D:6)
  2 polar bears
  A snapping turtle (Lair:2)
  A jumping spider (Lair:2)
  A shadow (D:7)
  28 yaks
  A wyvern (Lair:3)
  Grum (D:10)
  4 basilisks
  3 steam dragons
  2 redbacks (Lair:2)
  Menkaure (D:4)
  6 water moccasins
  5 orc warriors
  Duvessa (D:7)
  A sky beast (D:8)
  4 necrophages
  3 black bears
  4 wolves
  2 ogres
  2 centaurs
  A phantom (D:6)
  4 lemures (D:4)
  2 elf zombies (D:8)
  2 kobold brigands
  11 bullfrogs
  An elf skeleton (D:8)
  A gnoll sergeant (D:6)
  3 water moccasin zombies (D:4)
  7 scorpions
  Dowan (D:7)
  19 killer bees
  A vampire bat (D:4)
  3 howler monkeys
  2 bullfrog zombies
  2 centaur zombies
  3 hounds
  3 human zombies (D:8)
  5 orc priests
  2 centaur skeletons
  A gnoll shaman (D:7)
  2 human skeletons (D:8)
  5 iguanas
  2 orc wizards (D:9)
  A mummy (Ossuary)
  A hound skeleton (D:4)
  A hound zombie (D:4)
  2 howler monkey zombies (D:10)
  13 gnolls
  9 adders
  A white imp (D:6)
  5 worms
  4 dart slugs
  23 orcs
  2 spectral bats (Ossuary)
  5 ball pythons
  An endoplasm (D:4)
  2 giant cockroaches
  12 gnoll zombies (Ossuary)
  6 goblins
  5 hobgoblins
  18 kobolds
  2 quokkas (D:4)
  8 bats
  4 bat simulacra (Ossuary)
  A frilled lizard (D:2)
  2 goblin simulacra (Ossuary)
  5 goblin zombies (Ossuary)
  4 hobgoblin zombies (Ossuary)
  2 kobold simulacra (Ossuary)
  3 kobold zombies (Ossuary)
  9 orc zombies
  2 rats
  2 spectral goblins (Ossuary)
  4 spectral kobolds (Ossuary)
  4 spectral rats (Ossuary)
351 creatures vanquished.

Vanquished Creatures (collateral kills)
  A centaur zombie (D:10)
  A queen bee (D:10)
  16 killer bees (D:10)
  2 ball pythons (D:1)
  A giant cockroach (D:1)
  A kobold (D:4)
22 creatures vanquished.

Vanquished Creatures (others)
  3 bushes (D:4)
  13 fungi
  39 plants
55 creatures vanquished.

Grand Total: 428 creatures vanquished

Notes
Turn   | Place    | Note
-------+----------+-------------------------------------------
     0 | D:1      | nickcage the Barachi Fighter began the quest for the Orb.
     0 | D:1      | Reached XP level 1. HP: 18/18 MP: 1/1
   146 | D:1      | Reached skill level 3 in Long Blades
   268 | D:1      | Reached XP level 2. HP: 24/24 MP: 2/2
   383 | D:1      | Found a faded altar of an unknown god.
   399 | D:1      | Prayed at the altar of an unknown god.
   399 | D:1      | Became a worshipper of Makhleb the Destroyer
   399 | D:1      | Reached * piety under Makhleb
   426 | D:1      | Reached skill level 4 in Long Blades
   806 | D:2      | Reached XP level 3. HP: 29/29 MP: 3/3
  1050 | D:2      | Found Loefry's One-of-a-Kind Rings.
  1072 | D:2      | Reached skill level 5 in Long Blades
  1145 | D:2      | Reached XP level 4. HP: 36/36 MP: 4/4
  1338 | D:3      | Reached skill level 6 in Long Blades
  1338 | D:3      | Reached XP level 5. HP: 34/41 MP: 5/5
  1538 | D:3      | Noticed a necrophage
  1550 | D:3      | Killed a necrophage
  1551 | D:3      | Reached skill level 7 in Long Blades
  1551 | D:3      | Reached XP level 6. HP: 45/47 MP: 6/6
  1757 | D:4      | Found an ancient bone altar of Kikubaaqudgha.
  1758 | D:4      | Found the +18 Lear's hauberk
  1759 | D:4      | Noticed Menkaure
  1761 | D:4      | Found a basalt altar of Yredelemnul.
  1832 | D:4      | Reached ** piety under Makhleb
  1853 | D:4      | Reached skill level 8 in Long Blades
  1905 | D:4      | Found a broken altar of Ashenzari.
  1905 | D:4      | Found a bloodstained altar of Trog.
  2164 | D:4      | Found a transporter.
  2175 | D:4      | Found a transporter.
  2446 | D:4      | Noticed Pikel
  2816 | D:4      | Noticed a necrophage
  2822 | D:4      | Reached XP level 7. HP: 52/52 MP: 7/7
  2830 | D:4      | Reached skill level 9 in Long Blades
  2831 | D:4      | Found a blossoming altar of Fedhas.
  2904 | D:4      | Reached skill level 10 in Long Blades
  2911 | D:4      | Paralysed by Pikel for 5 turns
  2924 | D:4      | Killed Pikel
  2925 | D:4      | Reached skill level 11 in Long Blades
  2925 | D:4      | Reached XP level 8. HP: 17/59 MP: 8/8
  3161 | D:4      | Reached skill level 12 in Long Blades
  3463 | D:5      | Entered Level 5 of the Dungeon
  3709 | D:5      | Found a staircase to the Ecumenical Temple.
  4400 | D:6      | Reached skill level 13 in Long Blades
  4418 | D:6      | Reached XP level 9. HP: 64/64 MP: 9/9
  4433 | D:6      | Reached *** piety under Makhleb
  4552 | D:6      | Reached skill level 14 in Long Blades
  5379 | D:6      | Found a runed translucent gate.
  5379 | D:6      | Found a runed translucent gate.
  5380 | D:6      | Found a runed translucent gate.
  5380 | D:6      | Noticed AlmostDecent's ghost (amateur FoFi)
  5501 | D:6      | Found an iron altar of Okawaru.
  5533 | D:6      | Reached skill level 15 in Long Blades
  5768 | D:6      | Killed AlmostDecent's ghost
  6151 | D:7      | Reached skill level 5 in Armour
  6392 | D:7      | Noticed Maggie
  6397 | D:7      | Noticed Harold
  6404 | D:7      | Killed Maggie
  6405 | D:7      | Reached skill level 5 in Fighting
  6405 | D:7      | Reached XP level 10. HP: 56/74 MP: 10/10
  6758 | D:7      | Noticed Duvessa
  6777 | D:7      | Killed Duvessa
  6858 | D:7      | Noticed Dowan
  6867 | D:7      | Killed Dowan
  7128 | D:7      | Killed Harold
  7614 | D:7      | Found a runed translucent door.
  7776 | D:7      | Noticed safyre's ghost (novice GnCj)
  7909 | D:4      | Killed Menkaure
  8234 | D:8      | Found a glowing silver altar of Zin.
  8319 | D:8      | Found a sand-covered staircase.
  8336 | Ossuary  | Entered an ossuary
  8347 | Ossuary  | Reached **** piety under Makhleb
  8761 | D:8      | Reached ***** piety under Makhleb
  8947 | D:8      | Noticed Psyche
  8955 | D:8      | Killed Psyche
  8985 | D:8      | Got the Guide on Hexes and Evil Arts
  9089 | D:8      | Noticed a two-headed ogre
  9101 | D:8      | Killed a two-headed ogre
  9821 | D:8      | Noticed Maurice
  9834 | D:8      | Killed Maurice
  9835 | D:8      | Reached skill level 5 in Shields
  9835 | D:8      | Reached XP level 11. HP: 76/89 MP: 11/11
 10494 | D:9      | Reached skill level 10 in Fighting
 10505 | D:9      | Reached skill level 10 in Armour
 10821 | D:9      | Found a staircase to the Orcish Mines.
 10852 | D:9      | Noticed a cyclops
 10876 | D:9      | Killed a cyclops
 11001 | D:10     | Entered Level 10 of the Dungeon
 11206 | D:10     | Found a staircase to the Lair.
 11736 | D:10     | Noticed Grum
 11762 | D:10     | Killed Grum
 12193 | D:2      | Bought the ring "Behakky" {rElec rF+ rCorr} for 579 gold
                  | pieces
 12454 | Lair:1   | Entered Level 1 of the Lair of Beasts
 12477 | Lair:1   | Reached XP level 12. HP: 81/102 MP: 12/12
 12669 | Lair:1   | Noticed a six-headed hydra
 13374 | D:10     | Killed an eight-headed hydra
 13679 | Lair:1   | Reached skill level 1 in Maces & Flails
 14802 | Lair:2   | Reached skill level 1 in Invocations
 14840 | Lair:2   | HP: 4/105 [cane toad (12)]
 15180 | Lair:2   | Found a hole to the Spider Nest.
 15372 | Lair:2   | Reached ****** piety under Makhleb
 15792 | Lair:2   | Reached skill level 1 in Necromancy
 15975 | Lair:2   | Identified the +0 plate armour "Siohifin" {rF+ rC++ Regen+
                  | Int-3}
 16148 | Lair:2   | Found a staircase to the Shoals.
 16359 | Lair:3   | Gained mutation: You can hop long distances. [Barachi
                  | growth]
 16359 | Lair:3   | Reached XP level 13. HP: 110/111 MP: 16/16
 16608 | Lair:3   | Reached skill level 5 in Invocations
 16908 | Lair:3   | HP: 4/111 [black mamba (5)]
 16909 | Lair:3   | HP: 1/111 [poisoned by a black mamba]
 16910 | Lair:3   | Succumbed to a black mamba's poison

Illustrated notes

Levels and vault maps discovered:
D:1:      minmay_arrival_widening_spiral_wide, layout_basic,
          basic_ecumenical_altar
D:2:      layout_rooms, nicolae_shop_unique_rings
D:3:      layout_rooms
D:4:      layout_basic, gammafunk_temple_of_torment, jmf_multi_god_temple,
          fedhas_altar_decomposition, roderic_batcave,
          kennysheep_generic_room_3, uniq_pikel
D:5:      layout_gridville, minmay_temple_entry_large_hall, minivault_4,
          minmay_misc_feat_columns, serial_bayou_ford_a
D:6:      cheibrodos_steamvent, layout_gridville, okawaru_gym_becter,
          biasface_ghost_orc_armoury
D:7:      layout_basic, ebering_ghost_reflecting_pool, grunt_ministairs_9,
          uniq_duvessa, uniq_maggie, uniq_harold
D:8:      layout_gridville, mainiacjoe_overflow_boulevard,
          nicolae_ossuary_entry_catacombs, uniq_maurice, uniq_psyche
D:9:      layout_irregular_city, orc_0_dummy
D:10:     layout_roguey [special_room_bee], dpeg_oklobed_lair,
          serial_bayou_crossing, uniq_grum
Lair:1:   beast_lair_carwin_large_2, layout_misc_corridors,
          serial_bayou_shore_b, grunt_megastairs_2, serial_bayou_shore_b
Lair:2:   layout_small_grid, minmay_shoals_entry_hut, spider_nest_entry_a,
          nzn_random_ring
Lair:3:   layout_cave_pods, minmay_shattered_shrine, grunt_megastairs_3,
          lemuel_fruit_fields, serial_bayou_shore_a

Skill      XL: |  1  2  3  4  5  6  7  8  9 10 11 12 13 |
---------------+----------------------------------------+-----
Long Blades    | 3 4 5 6 7 8 11 13 15 | 15.0
Fighting       | 5 9 12 13 | 13.5
Armour         | 6 9 11 12 | 12.4
Shields        | 5 6 8 |  8.0
Maces & Flails | 1 |  1.7
Invocations    | 4 5 |  5.6
Necromancy     | 1 |  1.3
Polearms       | |  0.5
Bows           | |  0.5
Throwing       | |  0.3
Conjurations   | |  0.6
Hexes          | |  0.9
Summonings     | |  0.9
Translocations | |  0.7
Transmutations | |  0.6
Fire Magic     | |  0.7
Ice Magic      | |  0.3
Air Magic      | |  0.7
Earth Magic    | |  0.4
Poison Magic   | |  0.3

Action                   |  1- 3 |  4- 6 |  7- 9 | 10-12 | 13-15 || total
-------------------------+-------+-------+-------+-------+-------++-------
Melee: Long sword        |    80 |   210 |   334 |   969 |     9 ||  1602
       Flail             |       |       |       |     8 |     6 ||    14
       Demon blade       |       |       |       |       |    43 ||    43
Throw: Dart              |     1 |     1 |       |    22 |       ||    24
       Boomerang         |       |       |     1 |       |       ||     1
Invok: Minor Destruction |       |     1 |       |       |       ||     1
       Lesser Servant of |       |       |       |       |     1 ||     1
 Abil: Hop               |       |     2 |       |     6 |       ||     8
  Use: Potion            |       |     1 |     1 |     8 |       ||    10
       Scroll            |       |     3 |     2 |    24 |       ||    29
Armor: Plate armour      |    76 |   133 |   146 |    45 |       ||   400
       Chain mail        |       |       |       |   564 |    34 ||   598
Dodge: Dodged            |    20 |    63 |    70 |   298 |    16 ||   467
Block: Buckler           |    19 |    32 |    53 |   234 |    22 ||   360
